[Event "9th Floripa Open 2023"]
[Site "Florianopolis"]
[Date "2023.01.26"]
[Round "5.1"]
[White "Pichot, Alan"]
[Black "Di Berardino, Diego Rafael"]
[Result "1/2-1/2"]
[ECO "C90"]
[WhiteElo "2634"]
[BlackElo "2458"]
[Annotator "TA"]
[PlyCount "55"]
[EventDate "2023.01.23"]
[EventType "swiss"]
[EventCountry "BRA"]
[SourceTitle "playchess.com"]
[Source "ChessBase"]
[SourceQuality "1"]
[TimeControl "5400+30"]

1. e4 e5 2. Nf3 Nc6 3. Bb5 a6 4. Ba4 Nf6 5. O-O Be7 6. Re1 b5 7. Bb3 O-O 8. a4 b4 9. d3 d6 10. a5 Be6 11. Bxe6 fxe6 12. c3 Rb8 13. Nbd2 {[%emt 0:02:36] C90: Closed Ruy Lopez with 7...d6: Early deviations.} bxc3 14. bxc3 {[%emt 0:00:18] [#]} Nd7 $146 ({Black should play} 14... Rb5 $11) ({Predecessor:} 14... Rb5 15. d4 exd4 16. cxd4 Nxa5 17. Qc2 Qd7 18. Ra4 Rfb8 19. Ba3 Ne8 20. Qa2 Nb3 21. Rxa6 Nxd2 22. Nxd2 {1-0 Nakamura,H (2745)-Melkumyan,H (2650) FIDE Chess.com Grand Swiss 2019 (8)}) 15. Qa4 $14 {[%emt 0:18:20] White is slightly better.} Rb5 16. Qc4 Nc5 {[%emt 0:03:49] [#] Hoping for ...d5.} ({Less strong is} 16... Nxa5 17. Qxe6+ Kh8 18. d4 $16) 17. d4 d5 ({Weaker is} 17... Rxa5 18. Rxa5 Nxa5 19. Qa2 $16) 18. exd5 exd5 19. Qe2 exd4 (19... Rxa5 $2 20. Nxe5 Nxe5 21. Rxa5 $18) 20. cxd4 Ne4 21. Nxe4 dxe4 22. Qxe4 Qd5 23. Bf4 (23. Bd2 $14) 23... Bb4 $11 24. Qxd5+ Rxd5 25. Re4 Nxd4 26. Bxc7 (26. Nxd4 $14 Rfd8 27. Bxc7 Rxd4 28. Rxd4 Rxd4 29. g3) 26... Bc3 27. Rc1 Nxf3+ 28. gxf3 {[%emt 0:22:00] Weighted Error Value: White=0.13 (very precise) /Black=0.11 (very precise)} 1/2-1/2

[Event "9th Floripa Open 2023"]
[Site "Florianopolis"]
[Date "2023.01.26"]
[Round "5.2"]
[White "Rodrigues, Edgar"]
[Black "Mareco, Sandro"]
[Result "1/2-1/2"]
[ECO "C45"]
[WhiteElo "2299"]
[BlackElo "2625"]
[Annotator "TA"]
[PlyCount "114"]
[EventDate "2023.01.23"]
[EventType "swiss"]
[EventCountry "BRA"]
[SourceTitle "playchess.com"]
[Source "ChessBase"]
[SourceQuality "1"]
[TimeControl "5400+30"]

1. e4 e5 2. Nf3 Nc6 3. d4 exd4 4. Nxd4 Bc5 5. Be3 Qf6 6. c3 d6 7. Bc4 {[%emt 0:01:08] is the legacy move (7.Be2).} (7. Be2 {simplifies} Nge7 8. O-O O-O 9. Nxc6 Nxc6 10. Bxc5 dxc5 11. f4) 7... Ne5 {[%emt 0:00:12] C45: Scotch Game.} 8. O-O Qg6 9. f3 Nxc4 10. Qa4+ c6 11. Qxc4 {[%emt 0:00:11] [#]} Nf6 $146 ({Predecessor:} 11... Be6 12. Qe2 Ne7 13. Nd2 O-O 14. N2b3 Bb6 15. Nxe6 {½-½ Staufcik,R-Butula,M Morava-chT 9697 1996}) 12. Nd2 O-O 13. Kh1 (13. Nc2 $5 ) 13... Bb6 14. Qa4 Re8 15. c4 (15. Rae1 $15) 15... d5 $1 $17 16. cxd5 cxd5 17. Qb3 dxe4 18. Nc4 Bxd4 19. Bxd4 Be6 {[%emt 0:00:05] Strongly threatening ...Rac8.} 20. Qb4 Bd5 $40 {[%emt 0:04:25][%mdl 128] ...exf3 is the strong threat. Black wants a kill.} 21. Ne5 Qh5 22. f4 a5 (22... e3 23. Bxe3 Rac8 24. Qd2 $17) 23. Qc3 Qf5 (23... e3 24. Qxe3 Rac8 25. Qd3 $15) 24. Qg3 Rac8 25. Bc3 (25. Qg5 $17 {keeps fighting.} Be6 26. Qxf5 Bxf5 27. b3) 25... a4 26. a3 {[%emt 0:00:23] [#]} (26. Kg1 {was called for.}) 26... e3 $1 $19 27. Qxe3 Ne4 $1 {[%emt 0:00:06] Threatens to win with ...Nxc3.} (27... Qc2 28. Rf2 Qb3 29. Rff1 $17) 28. Qd4 (28. Rfd1 Nxc3 29. bxc3) 28... Nxc3 $2 (28... Ng3+ $19 {is more deadly.} 29. Kg1 Ne2+ 30. Kh1 Nxd4) 29. bxc3 $17 Bb3 30. Rae1 f6 31. Nf3 Red8 32. Qb4 Qc5 33. Qxb7 {[%emt 0:04:24] [#]} (33. Qxc5 $1 $15 Rxc5 34. Re3) 33... Rc7 ({Weaker is} 33... Qxa3 34. Re7 Bd5 35. Qa7 $15 (35. Rxg7+ $2 Kf8 $19)) (33... Bc4 $1 $19 34. Rg1 (34. Re7 $2 Rb8 $19) 34... Bd5) 34. Qb4 Qxc3 35. Qb6 Rdc8 (35... Qc6 {simplifies} 36. Qxc6 Rxc6 37. Kg1 Rc3) 36. Nd4 Qc5 (36... Bd5 {keeps more tension.} 37. Qb5 Bf7 38. Nf5 Qxa3 39. Re3 Qf8) 37. Qxc5 Rxc5 38. Kg1 Bf7 39. Re7 g6 (39... Rd5 $17 40. Nf3 Rd3) 40. Ra7 Rc4 41. Nb5 (41. Rd7 $15) 41... Rd8 {[%emt 0:00:11] Hoping for ...Rc2.} 42. g3 $2 (42. Rc7 $17) 42... Rc5 (42... Rd2 $142 {( -> ...Rcc2)} 43. Ra8+ Kg7) 43. Nc7 Rd2 (43... Rc3 $142 44. g4 (44. Nb5 $2 Rb3 $19 {[%mdl 64] Deflection}) 44... Rd2) 44. Rf2 {[%emt 0:01:01] [#]} Rd7 ({Better is} 44... Rd1+ $1 $17 45. Kg2 Rc6) 45. Ra8+ $11 Kg7 46. Ne8+ Bxe8 47. Rxe8 {[%emt 0:00:03][%mdl 4096] Endgame KRR-KRR} Rc1+ 48. Rf1 (48. Kg2 $11 {remains equal.}) 48... Rxf1+ (48... Rc3 $17 49. Ra8 Rxa3) 49. Kxf1 $17 {[%emt 0:00:02] KR-KR} Rd3 50. Re7+ Kg8 $1 51. Kg2 Rxa3 52. Ra7 h5 (52... Ra2+ $15 53. Kf3 a3 54. Ra8+ Kf7 55. Ra7+ Ke6 56. Rxh7 Rb2) 53. Kh3 $11 Ra2 54. g4 a3 {[%emt 0:01:44] aiming for ...hxg4+.} 55. gxh5 {[%emt 0:00:38] The position is equal.} gxh5 56. Kg3 Kf8 57. h3 Ra1 {[%emt 0:01:42] Weighted Error Value: White=0.36/Black=0.27 (precise)} 1/2-1/2

[Event "9th Floripa Open 2023"]
[Site "Florianopolis"]
[Date "2023.01.26"]
[Round "5.3"]
[White "Fier, Alexandr"]
[Black "Languidey, Simon Alejandro"]
[Result "1-0"]
[ECO "C11"]
[WhiteElo "2602"]
[BlackElo "2403"]
[Annotator "TA"]
[PlyCount "79"]
[EventDate "2023.01.23"]
[EventType "swiss"]
[EventCountry "BRA"]
[SourceTitle "playchess.com"]
[Source "ChessBase"]
[SourceQuality "1"]
[TimeControl "5400+30"]

1. e4 e6 2. d4 d5 3. Nc3 Nf6 4. e5 Nfd7 5. f4 c5 6. Nf3 Nc6 7. Be3 a6 8. a3 b5 {[%emt 0:02:05] C11: French: Classical System: 4 e5 and 4 Bg5 dxe4.} 9. Bd3 cxd4 10. Nxd4 Nxd4 {[%emt 0:00:39] White is slightly better.} 11. Bxd4 {[%emt 0:00:06] [#]} Bc5 $146 ({Predecessor:} 11... Bb7 12. Qf3 Bc5 13. Ne2 Bxd4 14. Nxd4 g6 15. h4 Qb6 16. c3 h5 17. g4 hxg4 18. Qxg4 {½-½ Basangwa,J (1614)-Mugisha,D (1999) Kampala Kireka op 4th 2019 (2)}) 12. Ne2 O-O 13. c3 Qh4+ 14. g3 Qh3 15. Qc2 Bxd4 16. cxd4 Nb6 17. b3 Bd7 18. Qc7 Rab8 {[%emt 0:01:23] Black is weak on the dark squares} 19. Kf2 {[%emt 0:01:09] Dodges Qg2+. White is more active.} f5 {[%emt 0:08:12] A mistake that costs the game.} (19... Rfd8 $16) 20. Rac1 Qh5 21. Qa7 Qe8 22. Qxa6 Qd8 23. Qa5 ({Not} 23. Bxb5 Ra8 24. Qb7 Rb8 $11) 23... Rf7 (23... Na8 $142 24. Qb4 Nc7) 24. Rc5 $18 ({Less strong is} 24. Bxb5 Bxb5 25. Qxb5 Nc4 $16) 24... Be8 25. Rhc1 Rfb7 26. Qc3 ({White should try} 26. Bxb5 $18 Ra8 27. Qb4) 26... Na8 (26... Ra7 $16 27. Ra1 (27. Bxb5 Rxa3 28. Rc2 Ra7 $16) 27... Nd7) 27. Rc8 Rxc8 28. Qxc8 Qxc8 29. Rxc8 Nc7 {[%emt 0:00:13] [#]} 30. g4 $1 g6 {[%emt 0:05:44] [#]} 31. gxf5 gxf5 {[%emt 0:00:11] [#]} 32. Ng3 $1 Kg7 {[%emt 0:03:16] [#]} 33. Bxf5 $1 exf5 (33... Kf7 34. Bxh7 Ke7) (33... Kf8 34. Bxh7) 34. Nxf5+ {[%emt 0:00:03] White is clearly winning.} Kg6 35. Nd6 Ra7 36. Nxe8 Nxe8 37. Rxe8 Rxa3 38. Rf8 Kg7 39. Rb8 Kg6 40. Rxb5 {[%emt 0:00:12] Weighted Error Value: White=0.11 (very precise) /Black=0.25 (precise)} 1-0

[Event "9th Floripa Open 2023"]
[Site "Florianopolis"]
[Date "2023.01.26"]
[Round "5.4"]
[White "Caetano, Ryan Wesley Da Costa"]
[Black "Delgado Ramirez, Neuris"]
[Result "0-1"]
[ECO "E36"]
[WhiteElo "2240"]
[BlackElo "2562"]
[Annotator "TA"]
[PlyCount "134"]
[EventDate "2023.01.23"]
[EventType "swiss"]
[EventCountry "BRA"]
[SourceTitle "playchess.com"]
[Source "ChessBase"]
[SourceQuality "1"]
[TimeControl "5400+30"]

1. d4 Nf6 2. c4 e6 3. Nc3 Bb4 4. Qc2 d5 5. a3 Bxc3+ 6. Qxc3 O-O 7. Nf3 dxc4 8. Qxc4 b6 9. Bg5 {[%emt 0:04:57] Black is weak on the dark squares. E36: Nimzo-Indian: Classical: 4...d5 5 a3.} Ba6 10. Qc2 {[%emt 0:03:40] [#]} c5 $1 11. Rd1 {[%emt 0:03:01] The position is equal.} (11. dxc5 bxc5) 11... cxd4 12. Rxd4 Qc8 13. Qxc8 Rxc8 14. Bxf6 gxf6 15. e3 {[%emt 0:02:38] [#]} Bb7 $146 ({Predecessor:} 15... Bxf1 16. Rxf1 Nc6 17. Rg4+ Kf8 18. Rh4 Kg7 19. Rg4+ Kf8 20. Rh4 Kg7 21. Rg4+ Kf8 22. Rh4 Kg7 23. Rg4+ Kf8 24. Ng1 {½-½ Istratescu,A (2651)-Naiditsch,A (2706) Nancy Meurthe op 11th rapid 2013 (9)}) 16. Be2 Bd5 17. O-O Nc6 {[%emt 0:01:35] Hoping for ...Bxf3.} 18. Rg4+ Kh8 19. e4 Bb3 20. Rf4 Kg7 21. Rg4+ Kf8 22. Rh4 Kg7 23. Rg4+ Kh8 24. Rf4 Ne7 25. Rxf6 Kg7 26. Rf4 Rc2 (26... Ng6 $5 27. Rg4 $8 Rc2 $11) 27. Rg4+ Ng6 28. Nd4 Rd2 29. Nxb3 Rxe2 30. Nc1 (30. Nd4 $5 Rd2 31. e5 $11) 30... Rxb2 31. f4 f5 $36 {[%emt 0:05:27][%mdl 2048] Black has good play.} (31... h5 $5 32. Rg3 h4 $15) 32. exf5 exf5 33. Rg5 Kf6 34. Rh5 ({White should try} 34. Rg3 $15) 34... Rd8 $17 35. Rxh7 Rdd2 36. g3 Nf8 {[%emt 0:00:08][%mdl 1024] Black has strong compensation.} (36... Ne7 {looks sharper.} 37. Re1 Nd5 38. Rd7 Rg2+) 37. Rh6+ Kg7 38. Rh3 Nd7 {[%emt 0:00:29] And now ...Nf6 would win. Black has more active pieces.} 39. g4 {[%emt 0:01:01] [#]} Rg2+ $1 (39... fxg4 40. Rg3 $15) 40. Kh1 Rxg4 (40... fxg4 $17 41. Rh4 Nc5) 41. Nd3 Rb3 42. Nf2 Rxh3 43. Nxh3 $15 {[%emt 0:00:04][%mdl 4096] Endgame KRN-KRN} Nc5 44. Rg1 Kf6 (44... Rg6 $5 ) 45. Rg3 (45. Rd1 $11) 45... Ne6 $17 46. Rf3 b5 (46... Ke7 $17 47. Re3 Kd6 48. Rd3+ Kc6) 47. Rb3 $1 $15 a6 48. Rb4 Ke7 49. a4 Kd6 50. axb5 Kc5 $1 51. Rb1 axb5 (51... Nxf4 $2 52. Nxf4 axb5 53. Nd3+ Kb6 54. Rb4 $18) 52. Nf2 Rg7 (52... Rxf4 53. Nd3+ Kc4 54. Nxf4 Nxf4 55. Rf1 $11) 53. Re1 (53. Nd3+ $17 Kb6 54. Rg1) 53... Nd4 (53... Nxf4 $19 {Threatens to win with ...b4.} 54. h4 Nd5) 54. Nd3+ $17 Kc4 55. Ne5+ (55. Re3 $17) 55... Kd5 (55... Kb3 $19 {Strongly threatening ...Kc2.} 56. Rd1 Ne2) 56. h3 $2 ({Better is} 56. Rd1 $15 Ke4 57. Re1+ Kd5 58. Rd1) 56... b4 $19 {[%emt 0:00:35] ...b3 would be deadly.} 57. Kh2 {[%emt 0:00:29] [#]} b3 (57... Rc7 $1 $19 58. Kg3 Rc3+ 59. Kh4 b3) 58. Rb1 $2 (58. h4 $17) 58... Rb7 ({Wrong is} 58... Ke4 $2 59. Re1+ Kd5 60. Rd1 $19) 59. h4 Ke4 $2 (59... Ne2 $19 60. Rd1+ Kc5) 60. Kh3 $2 (60. Re1+ $1 $11 {and White has nothing to worry.} Kd5 61. h5) 60... Kxf4 $2 (60... Nf3 $19 61. Nc4 Kxf4) 61. Ng6+ $2 (61. Re1 $11) 61... Ke3 {[%emt 0:00:24] Black is clearly winning.} 62. h5 Rh7 63. Kh4 Nf3+ 64. Kg3 Nd2 ({Not} 64... Rxh5 65. Rxb3+ Ke4 66. Kf2 $11 (66. Rxf3 Rg5+ 67. Kf2 Rxg6 $11)) 65. Re1+ Kd4 66. Rd1 Kc3 67. Rc1+ Kb4 $2 {[%emt 0:21:10] Weighted Error Value: White=0.39/Black=0.33} (67... Kb2 68. Rc8 Rxh5) 0-1

[Event "9th Floripa Open 2023"]
[Site "Florianopolis"]
[Date "2023.01.26"]
[Round "5.5"]
[White "Mekhitarian, Krikor Sevag"]
[Black "Pires, Marcos Vinicius Tors"]
[Result "1-0"]
[ECO "D15"]
[WhiteElo "2551"]
[BlackElo "2238"]
[Annotator "TA"]
[PlyCount "97"]
[EventDate "2023.01.23"]
[EventType "swiss"]
[EventCountry "BRA"]
[SourceTitle "playchess.com"]
[Source "ChessBase"]
[SourceQuality "1"]
[TimeControl "5400+30"]

1. d4 d5 2. c4 c6 3. Nf3 Nf6 4. e3 a6 5. Nc3 Bf5 6. Qb3 Ra7 {[%emt 0:01:15] D15: Slav Defence: 4 Nc3 a6 and gambit lines after 4 Nc3 dxc4.} 7. Nh4 Be4 8. f3 Bg6 {[%emt 0:03:29] [#] White is slightly better.} 9. e4 $146 ({Predecessor:} 9. a4 e6 10. a5 Nbd7 11. Bd2 Bd6 12. Be2 Ne4 13. Nxe4 Bxe4 14. g3 Bg6 15. Nxg6 hxg6 {1-0 Bogner,S (2571)-Le,T (2501) Titled Tuesday intern op 14th April blitz 2020 (5)}) 9... dxe4 (9... dxc4 $14 10. Qxc4 (10. Bxc4 b5 $11) 10... e6) 10. Nxg6 hxg6 11. Be3 e6 12. O-O-O (12. Nxe4 Nxe4 13. fxe4 Qh4+ 14. Kd2 Nd7 $11) 12... Nbd7 13. fxe4 {[%emt 0:00:00] aiming for Kb1.} Qa5 (13... Ng4 $14 14. Bg1 Qg5+ 15. Kb1 Ne3) 14. e5 $18 Ng4 {[%emt 0:01:35] [#]} 15. Bg1 Ra8 16. Be2 (16. Qxb7 $2 Rb8 $19) 16... Nh6 17. g4 (17. Qxb7 $2 Rb8 $19) 17... Be7 (17... Qb6 $142 18. Qxb6 Nxb6) 18. Be3 (18. Qxb7 Rb8 19. Qxc6 Ba3 $17) (18. h3 $18) 18... O-O 19. Ne4 (19. Qxb7 Rab8 20. Qxd7 Ba3 $11) 19... c5 20. d5 {[%emt 0:00:00] Black must now prevent Bd2.} (20. Qxb7 $2 {loses.} Rab8 21. Bd2 (21. Qxd7 $2 Qxa2 $19) 21... Qxa2 $19) 20... exd5 21. Rxd5 Qc7 22. Bf4 $36 {[%emt 0:00:00][%mdl 2048] And now Rf1 would win. White is really pushing. White is much more active.} Rfd8 (22... Nb6 $16 {might work better.}) 23. Rf1 {[%emt 0:00:00][%cal Oe5e6] [#] e6! would be deadly.} Qc6 24. Qf3 {[%emt 0:00:00] Bxh6 is the strong threat.} Qe6 25. Rfd1 Nf8 26. Nxc5 Qb6 27. Rxd8 Rxd8 28. Rxd8 ({And not} 28. Nxb7 Rb8 29. Be3 Qxb7 30. Qxb7 Rxb7 $11) 28... Qxd8 29. Nxb7 Qd7 (29... Qd4 $142 30. Nd6 Ne6) 30. Qd5 ({Don't play} 30. Nd6 Ne6 31. Be3 Qd8 $18) 30... Qa4 31. Kb1 Ne6 32. Bd2 Kh7 33. Nd6 Bg5 34. b3 Qa3 35. Qa5 Qxa5 36. Bxa5 Bf4 37. Bc3 Bxh2 38. Ne4 Ng8 (38... Nf4 {was called for.}) 39. c5 Ne7 40. Bxa6 Nc6 (40... Nd5 $142 41. Bb2 Kg8) 41. Bc4 Bxe5 42. Bxe5 Nxe5 43. Bxe6 {[%emt 0:00:03][%cal Ob3b4] Threatens to win with b4!} fxe6 {[%emt 0:00:06][%mdl 4096] Endgame KN-KN} 44. b4 Kg8 45. b5 Kf8 46. a4 {[%emt 0:02:12] White threatens g5 and mate.} Ke7 47. g5 {[%emt 0:00:06] Intending Kc2 and mate.} Kd7 48. Kc2 Kc7 49. Kc3 {[%emt 0:00:14] Weighted Error Value: White=0.16 (very precise) /Black=0.51} 1-0

[Event "9th Floripa Open 2023"]
[Site "Florianopolis"]
[Date "2023.01.26"]
[Round "5.6"]
[White "Barbosa, Evandro Amorim"]
[Black "Federzoni, Enzo"]
[Result "1-0"]
[ECO "B92"]
[WhiteElo "2482"]
[BlackElo "2123"]
[Annotator "TA"]
[PlyCount "88"]
[EventDate "2023.01.23"]
[EventType "swiss"]
[EventCountry "BRA"]
[SourceTitle "playchess.com"]
[Source "ChessBase"]
[SourceQuality "1"]
[TimeControl "5400+30"]

1. e4 c5 2. Nf3 d6 3. d4 cxd4 4. Nxd4 Nf6 5. Nc3 a6 6. Be2 e5 7. Nb3 Be7 8. O-O O-O 9. Re1 Be6 {[%emt 0:04:24] B92: Sicilian Najdorf: 6 Be2.} 10. Bf3 Nbd7 11. a4 Rc8 {[%emt 0:02:43] The position is equal.} 12. a5 Qc7 13. Be3 Qb8 14. Nd2 Bd8 {[%emt 0:13:25] [#]} 15. Qb1 $146 ({Predecessor:} 15. Nf1 b6 16. axb6 Bxb6 17. Qc1 Bd4 18. Rxa6 Nc5 19. Ra3 Bxc3 20. Rxc3 Nfxe4 21. Bxe4 Nxe4 22. Rxc8 Rxc8 {½-½ Sasikiran,K (2656)-Drygalov,S (2473) Wch Rapid Moscow 2019 (12)}) 15... Qa8 16. Rd1 b5 17. axb6 Bxb6 18. Nf1 Bxe3 19. Nxe3 Qc6 20. Ra5 Nc5 21. Qa1 Ra8 (21... Qb6 $14) 22. Qa3 Rfb8 23. Ncd5 {[%emt 0:02:20] Dodges Qb6} Bxd5 24. exd5 Qb7 25. Nc4 e4 {[%emt 0:02:33] [#]} (25... Ne8 $16) 26. Be2 $1 $36 {[%emt 0:01:12][%mdl 2048] White has strong initiative.} (26. Nxd6 Qxb2 27. Qxb2 (27. Qxc5 exf3 28. Nf5 Ne4 $14) 27... Rxb2 $16) 26... Rd8 {[%emt 0:04:22] A mistake that costs the game.} (26... Qc7 $16 27. b4 (27. Nxd6 Nb7 $16) 27... Ncd7) 27. b4 Ncd7 28. Nxd6 Qc7 29. Nc4 (29. Rxa6 Rxa6 30. Qxa6 Nb8 $15) 29... Nb6 30. Ne3 {[%emt 0:01:09] White is clearly winning.} (30. Rxa6 Rxa6 31. Qxa6 Nbxd5 $18) 30... Nfxd5 31. Nxd5 Qxc2 32. Kf1 (32. Rxa6 $2 Qxe2 33. Qa1 Rxa6 $19) 32... Nc4 33. Qa4 Qxa4 34. Rxa4 Nb2 35. Ne7+ ({Not} 35. Rxa6 Nxd1 36. Rxa8 Rxa8 37. Bxd1 Ra2 $16) 35... Kf8 36. Rxd8+ (36. Rxa6 $2 {is the wrong capture.} Rxd1+ 37. Bxd1 Rxa6 $19) 36... Rxd8 37. Nc6 ({Weaker is} 37. Rxa6 Kxe7 38. b5 Nd3 $11) 37... Rd2 (37... Nxa4 $142 38. Nxd8 Ke7 39. Nc6+ Kd6) 38. Rxa6 {[%emt 0:00:27] [#] Ra8+ would kill now.} f5 39. g3 Rc2 40. Nd4 Rc1+ 41. Kg2 Nd3 42. Bxd3 exd3 43. Nf3 {[%emt 0:00:13] Against d2} Rb1 44. Rd6 Kg8 {[%emt 0:12:56] Weighted Error Value: White=0.27 (precise) /Black=0.30} 1-0

[Event "9th Floripa Open 2023"]
[Site "Florianopolis"]
[Date "2023.01.26"]
[Round "5.7"]
[White "Lima, Darcy"]
[Black "Zacarias, M Ruben D"]
[Result "1-0"]
[ECO "E11"]
[WhiteElo "2439"]
[BlackElo "2176"]
[Annotator "TA"]
[PlyCount "139"]
[EventDate "2023.01.23"]
[EventType "swiss"]
[EventCountry "BRA"]
[SourceTitle "playchess.com"]
[Source "ChessBase"]
[SourceQuality "1"]
[TimeControl "5400+30"]

1. d4 Nf6 2. c4 e6 3. Nf3 Bb4+ 4. Bd2 Qe7 5. g3 Bxd2+ 6. Qxd2 Nc6 {[%emt 0:00:27] E11: Bogo-Indian.} 7. Nc3 d5 8. Ne5 dxc4 {[%emt 0:01:57] The position is equal.} 9. Nxc4 O-O 10. Bg2 Rd8 11. e3 e5 12. d5 e4 {[%emt 0:01:39][%cal Ob7b5] And now ...b5! would win.} 13. O-O {[%emt 0:06:58] [#]} Ne5 $146 ({Predecessor:} 13... Bf5 14. Rac1 Ne5 15. Nxe5 Qxe5 16. Rfd1 c6 17. Qd4 Qxd4 18. Rxd4 cxd5 19. Rcd1 Rac8 20. h3 h5 {½-½ Sychev,K (2579)-Tregubov,P (2588) Skolkovo Russian Rapid GP 2019 (9)}) 14. Qd4 Nc6 15. Qd2 Ne5 16. Nxe5 Qxe5 17. Qc2 Bf5 18. Rfd1 Nxd5 19. Nxe4 (19. Bxe4 {seems wilder.} Nb4 20. Rxd8+ Rxd8 21. Rd1) 19... c6 20. Rd4 Nf6 21. Rad1 (21. Nxf6+ $11 {keeps the balance.} Qxf6 22. Qc5) 21... Rxd4 $1 $17 22. Rxd4 (22. exd4 $142 Bxe4 23. dxe5 Bxc2 24. Rd2) 22... Nxe4 $1 23. Bxe4 Bxe4 (23... c5 $17 24. Ra4 b5 25. Bxf5 bxa4 26. Bxh7+ Kf8) 24. Rxe4 {[%emt 0:00:48][%mdl 4096] Endgame KQR-KQR} Qf6 25. Qb3 $36 {[%emt 0:04:45][%mdl 2048] White is pushing.} b6 26. Rf4 Qe7 27. Qc4 (27. Qa4 $5 ) 27... c5 28. Qd5 Re8 29. a4 g6 30. h4 h5 31. g4 hxg4 (31... Qxh4 32. Qxf7+ Kh8 33. Qxe8+ Kh7 34. Rf7+ Kh6 35. Qh8+ (35. Rxa7 Qxg4+ 36. Kh2 Qh4+ 37. Kg2 Qg4+ 38. Kh2 Qh4+ 39. Kg2 Qg4+ 40. Kh2 $11) 35... Kg5 36. Qd8+ (36. Rxa7 Qxg4+ 37. Kh2 Qh4+ 38. Kg2 Qg4+ 39. Kh2 Qh4+ 40. Kg2 Qg4+ 41. Kf1 Qd1+ 42. Kg2 Qg4+ $11) 36... Kxg4 37. Rf4+ Kh3 38. Rxh4#) 32. Rxg4 Qe6 33. Qf3 Kg7 34. h5 Rh8 35. hxg6 fxg6 36. Re4 Qf6 37. Rf4 Qe7 {[%emt 0:00:43] Against Qb7} 38. e4 Rh4 39. Kf1 Rxf4 40. Qxf4 $11 {[%emt 0:00:01] KQ-KQ} Qd7 41. e5 Qf7 {[%emt 0:12:10] Dodges Qf6+} 42. Qe4 g5 43. Ke1 Qe6 44. Kd2 a5 45. Kc3 Kf8 46. Qe3 g4 47. Qf4+ Ke7 48. Qe4 Kd7 49. Kd2 {[%emt 0:00:21] Strongly threatening Ke3.} Ke7 50. Ke1 Kf7 51. Kf1 Kg7 $2 (51... Qd7 $11) 52. Kg2 Kh6 $2 (52... Kf8 53. Kg3 Ke8) 53. Qe3+ Kh5 (53... Kg6 $142 54. Qf4 Qf5) 54. Kg3 $18 Qe7 55. Qf4 $2 (55. e6 {Intending Qe5+ and mate.} Qh4+ 56. Kg2) 55... Qh4+ 56. Kg2 {[%emt 0:00:01] Hoping for e6.} Qh3+ $2 (56... Kg6 57. Qe4+ Kh6 58. Qc6+ Kh7 59. Qc7+ (59. Qxb6 Qh3+ 60. Kg1 g3 $16) 59... Kg8 60. Qxb6 Qh3+ 61. Kg1 g3 62. Qg6+ (62. Qxa5 $2 Qh2+ 63. Kf1 Qxf2#) 62... Kf8 63. Qxg3 Qf5) 57. Kg1 Qd3 {[%emt 0:00:29] Prevents Qf5+} 58. Qf7+ $2 (58. e6 $1 $18 ) 58... Kh4 $2 (58... Qg6 $11 59. e6 Kg5) 59. Qf6+ Kh5 60. Qf7+ ({Weaker is} 60. Qxb6 Qd1+ 61. Kg2 Qd5+ 62. Kg1 Qd1+ 63. Kh2 g3+ 64. Kxg3 Qg4+ 65. Kh2 Qh4+ 66. Kg2 Qg4+ 67. Kf1 Qd1+ 68. Kg2 Qg4+ 69. Kh2 Qh4+ 70. Kg2 Qg4+ $11) (60. e6 $18 {White threatens e7 and mate.} Qd1+ 61. Kg2 Qd5+ 62. f3 Qd2+ 63. Kg3 Qe1+ 64. Kf4 Qd2+ 65. Ke4 (65. Kg3 Qe1+ 66. Kf4 Qc1+ 67. Ke4 Qc4+ 68. Ke5 Qd4+ 69. Kf5 Qd5+ 70. Kf4 Qd2+ 71. Ke4 Qe2+ 72. Kf4 Qd2+ $16) 65... Qe2+ 66. Kd5 gxf3 67. e7) 60... Kh4 $14 61. Qf4 $2 (61. b3 $14) 61... Kh5 $1 $18 {[%emt 0:01:12] [#]} 62. e6 $1 {[%emt 0:00:17] Threatening mate with e7.} ({Not} 62. Qf7+ Kg5 $14) 62... Qe2 {[%emt 0:00:56] [#]} 63. Qf5+ $1 Kh4 64. Qf6+ Kh5 65. e7 $2 (65. Kh2 {mates} g3+ {[%mdl 64] Decoy} 66. Kxg3 Qd3+ 67. Kh2 Qd6+ 68. Kg2 Qd5+ 69. f3 Qd3 70. Qe5+ Kh4 71. e7) 65... Qe1+ $2 {[%emt 0:00:31][%mdl 8192] This move loses the game for Black.} (65... g3 $11) 66. Kh2 {[%emt 0:01:06] White mates.} g3+ 67. Kxg3 Qg1+ 68. Kf3 Qd1+ 69. Kg2 Qd5+ 70. Qf3+ {[%emt 0:02:08] Weighted Error Value: White=0.36/Black=0.24 (precise)} 1-0